 Dungeon Crawl Stone Soup version 0.22-a0-259-gdd11e71 (webtiles) character file.

20412 tilp the Spear-Bearer (level 12, -2/97 HPs)
             Began as a Merfolk Ice Elementalist on Mar 5, 2018.
             Was a Priest of Makhleb.
             Succumbed to a swamp dragon's poison gas
             ... on level 2 of the Lair of Beasts.
             The game lasted 01:17:13 (23303 turns).

tilp the Spear-Bearer (Merfolk Ice Elementalist)   Turns: 23303, Time: 01:17:13

Health: -2/97      AC: 19    Str:  8    XL:     12   Next: 79%
Magic:  15/16      EV: 21    Int: 18    God:    Makhleb [***...]
Gold:   1047       SH:  5    Dex: 18    Spells: 6/15 levels left

rFire    . . .     SeeInvis .   a - +1 trident
rCold    . . .     Gourm    .   G - +0 buckler
rNeg     . . .     Faith    .   m - +0 robe (curse)
rPois    .         Spirit   .   Q - +0 helmet
rElec    .         Reflect  .   A - +1 cloak
rCorr    .         Harm     .   (no gloves)
MR       .....                  e - +1 pair of boots
Stlth    ++........             C - amulet of rage
HPRegen  0.26/turn              P - +5 ring of protection
MPRegen  0.15/turn              j - +2 ring of dexterity

@: lethally poisoned (-2 -> -70), icy armour, studying Throwing, slow
A: change form in water, swift swim, stealthy swim
a: Minor Destruction, Lesser Servant of Makhleb, Renounce Religion, Evoke
Berserk Rage


You were on level 2 of the Lair of Beasts.
You worshipped Makhleb.
Makhleb was most pleased with you.
You were not hungry.

You visited 3 branches of the dungeon, and saw 16 of its levels.

You collected 1110 gold pieces.
You spent 63 gold pieces at shops.

Inventory:

Hand Weapons
 a - a +1 trident (weapon)
 b - a +1 dagger of venom
 V - a +0 glaive
Missiles
 n - 21 sling bullets
 y - 31 tomahawks
 B - 3 tomahawks of returning (quivered)
Armour
 e - a +1 pair of boots (worn)
 m - a cursed +0 robe (worn)
 A - a +1 cloak (worn)
 G - a +0 buckler (worn)
 Q - a +0 helmet (worn)
Jewellery
 d - an uncursed ring of magical power
 h - an uncursed ring of resist corrosion
 j - a +2 ring of dexterity (right hand)
 x - an uncursed ring of stealth
 C - an amulet of rage (around neck)
 P - a +5 ring of protection (left hand)
Wands
 f - a wand of random effects (51)
 i - a wand of flame (50)
 q - a wand of iceblast (5)
 U - a wand of paralysis (15)
Scrolls
 g - 3 scrolls of fear
 o - 2 scrolls of teleportation
 t - 2 scrolls of amnesia
 u - 11 scrolls of remove curse
 w - 2 scrolls of magic mapping
 E - a scroll of silence
 H - a scroll of summoning
 L - a scroll of enchant weapon
 N - a scroll of brand weapon {unknown}
 S - a scroll of torment {unknown}
Potions
 k - a potion of mutation {unknown}
 l - 3 potions of brilliance {unknown}
 p - 2 potions of haste
 r - a potion of degeneration {unknown}
 s - 3 potions of agility
 D - a potion of might {unknown}
 F - a potion of lignification {unknown}
 I - a potion of resistance
 J - 3 potions of heal wounds
 K - a potion of invisibility {unknown}
 M - a potion of berserk rage {unknown}
 O - 2 potions of flight {unknown}
 R - 2 potions of ambrosia {unknown}
 T - a potion of magic {unknown}
Books
 v - a manual of Throwing
Comestibles
 c - 25 rations


   Skills:
 - Level 10.0 Fighting
 - Level 14.1 Polearms
 + Level 11.8 Dodging
 - Level 2.1 Stealth
 - Level 4.0 Shields
 - Level 2.0 Spellcasting
 - Level 4.2 Conjurations
 - Level 4.0 Charms
 - Level 10.1 Ice Magic
 - Level 6.0 Invocations


You had 6 spell levels left.
You knew the following spells:

 Your Spells              Type           Power        Failure   Level  Hunger
a - Freeze                Ice            ####         1%          1    #......
b - Throw Frost           Conj/Ice       ####..       1%          2    ###....
c - Ozocubu's Armour      Chrm/Ice       ####....     3%          3    ###....
d - Conjure Flame         Conj/Fire      #.......     22%         3    ###....


Dungeon Overview and Level Annotations

Branches:
Dungeon (10/15)            Temple (0/1) D:5            Lair (4/6) D:8
  Swamp (0/4) Lair:2       Spider (0/4) Lair:3          Orc (2/2) D:9
    Elf (0/3) Orc:2

Altars:
Ashenzari
Gozag
Kikubaaqudgha
Makhleb
Nemelex Xobeh
Okawaru
Sif Muna
Trog
Wu Jian
Xom

Shops:
D:5 (   Orc:1 [

Portals:
Trove: D:10 (give +3 fire dragon scales)

Annotations:
D:4 exclusion: phantom
Lair:2 swamp dragon
Lair:3 Urug
Lair:4 exclusions: 2 oklob plants and rime drake
Orc:2 Anon1729's ghost, journeyman DsAE


Message History

The swamp dragon misses your ynoxinul.
Your ynoxinul gestures.
A demon appears!
* * * LOW HITPOINT WARNING * * *
You feel very sick.
Your orange demon is engulfed in poison gas.
Your orange demon looks as sick as possible!
Your orange demon barely misses the swamp dragon.
The swamp dragon barely misses your ynoxinul. x2
The swamp dragon closely misses your ynoxinul.
Your ufetubus closely misses the swamp dragon.
Your ufetubus barely misses the swamp dragon.
Your ufetubus hits the swamp dragon.
Your ufetubus hits the swamp dragon but does no damage.
Your ynoxinul gestures at the swamp dragon.
The iron shot hits the swamp dragon.
The swamp dragon dies!
Makhleb accepts your kill.
Unknown command.
You die...

.................................
..........................>.###..
............#......P...#...## #..
##..##..P......#..##...##..# #..
##...#..........#..#.......####..
.............§§.#..#.............
.......^...§.....................
##..........43†5...........####.#
#..........§5..@.......#.## #.##
##....#........#..P..##..P# ###
##.........PP...3....P###.P#
......................##..P# #
......................###.## #
..........................# #
#.##..#....#..............# #
#####.#....##..........P###
#######...P###...#.######


You could see a friendly orange demon, a friendly ynoxinul and 2 friendly
ufetubi.

Vanquished Creatures
  2 two-headed ogres
  A cyclops (D:9)
  An elephant (D:8)
  2 black mambas
  9 spiny frogs
  A komodo dragon (Lair:2)
  A troll (D:10)
  4 blink frogs
  5 hippogriffs
  A redback (Lair:3)
  12 yaks
  2 wyverns
  2 basilisks
  2 wargs
  9 porcupines
  4 water moccasins
  8 orc warriors
  2 sky beasts
  A phantom (D:7)
  A black bear (D:6)
  8 ice beasts
  6 ogres
  5 centaurs
  13 crocodiles
  A big kobold (D:8)
  Blork the orc (D:5)
  9 bullfrogs
  9 killer bees
  A howler monkey (D:7)
  5 crimson imps
  A centaur zombie (D:6)
  A bullfrog zombie (D:9)
  7 hounds
  3 centaur skeletons
  10 orc priests
  A jelly (D:4)
  9 orc wizards
  A gnoll shaman (D:4)
  Jessica (D:2)
  6 iguanas
  6 worker ants
  2 hound skeletons (D:6)
  A howler monkey zombie (D:5)
  4 gnolls (D:4)
  9 adders
  A shadow imp (D:9)
  12 white imps
  4 oozes
  An adder zombie (D:5)
  An adder skeleton (D:7)
  A worm (D:2)
  4 dart slugs
  7 leopard geckos
  46 orcs
  6 giant cockroaches
  8 goblins
  11 hobgoblins
  3 jackals (D:8)
  12 kobolds
  3 quokkas
  A ball python (D:4)
  11 bats
  7 frilled lizards
  A leopard gecko skeleton (D:4)
  2 leopard gecko zombies
  9 rats
  A bush (Lair:3)
342 creatures vanquished.

Vanquished Creatures (collateral kills)
  A hydra (Lair:1)
  3 two-headed ogres
  A swamp dragon (Lair:2)
  An unseen horror (D:10)
  A cyclops (D:9)
  A basilisk (Lair:4)
  An orc warrior (Orc:2)
  An orc priest (Orc:2)
  An orc (Orc:2)
11 creatures vanquished.

Vanquished Creatures (others)
  A fungus (Lair:2)
  A plant (Lair:4)
2 creatures vanquished.

Grand Total: 355 creatures vanquished

Notes
Turn   | Place    | Note
-------+----------+-------------------------------------------
     0 | D:1      | tilp the Merfolk Ice Elementalist began the quest for the Orb.
     0 | D:1      | Reached XP level 1. HP: 13/13 MP: 3/3
   160 | D:1      | Reached XP level 2. HP: 10/19 MP: 5/5
   592 | D:1      | Reached XP level 3. HP: 24/24 MP: 3/6
   596 | D:1      | Learned a level 2 spell: Throw Frost
   600 | D:1      | Learned a level 3 spell: Ozocubu's Armour
  1155 | D:1      | Reached skill level 5 in Ice Magic
  1542 | D:2      | Reached XP level 4. HP: 24/30 MP: 7/7
  1990 | D:2      | Noticed Jessica
  2002 | D:2      | Killed Jessica
  2335 | D:2      | Found a sparkling altar of Nemelex Xobeh.
  2532 | D:2      | Reached XP level 5. HP: 33/35 MP: 5/8
  2900 | D:3      | Found an ancient bone altar of Kikubaaqudgha.
  3203 | D:3      | Found a deep blue altar of Sif Muna.
  3689 | D:4      | Found a sparkling altar of Nemelex Xobeh.
  3689 | D:4      | Found a burning altar of Makhleb.
  3689 | D:4      | Found a bloodstained altar of Trog.
  3693 | D:4      | Became a worshipper of Makhleb the Destroyer
  3898 | D:4      | Reached skill level 1 in Fighting
  3898 | D:4      | Reached XP level 6. HP: 39/43 MP: 5/9
  3976 | D:4      | Found an ornate altar of the Wu Jian Council.
  4765 | D:4      | Reached XP level 7. HP: 36/52 MP: 0/10
  5329 | D:5      | Entered Level 5 of the Dungeon
  5352 | D:5      | Reached skill level 5 in Dodging
  5369 | D:5      | Found a shattered altar of Ashenzari.
  5420 | D:5      | Reached skill level 1 in Polearms
  5448 | D:4      | Reached * piety under Makhleb
  5448 | D:4      | Reached skill level 2 in Polearms
  5552 | D:5      | Reached skill level 4 in Polearms
  5836 | D:5      | Noticed Blork the orc
  5854 | D:5      | Found Wudaof's Antique Weapon Boutique.
  6060 | D:5      | Reached skill level 5 in Polearms
  6181 | D:5      | Reached skill level 6 in Polearms
  6464 | D:5      | Reached XP level 8. HP: 58/58 MP: 7/11
  6607 | D:5      | Reached skill level 7 in Polearms
  6762 | D:5      | Found a staircase to the Ecumenical Temple.
  7185 | D:5      | Reached skill level 8 in Polearms
  7515 | D:6      | Reached skill level 9 in Polearms
  7852 | D:6      | Reached skill level 10 in Polearms
  7982 | D:6      | Reached skill level 11 in Polearms
  8075 | D:6      | Reached XP level 9. HP: 64/64 MP: 12/12
  8244 | D:6      | Found an opulent altar of Gozag.
  8450 | D:7      | Found an iron altar of Okawaru.
  8476 | D:7      | Reached skill level 12 in Polearms
  8552 | D:7      | Reached ** piety under Makhleb
  8826 | D:7      | Reached skill level 13 in Polearms
  9788 | D:7      | Reached skill level 14 in Polearms
  9980 | D:8      | Noticed a two-headed ogre
 10079 | D:8      | Reached skill level 1 in Shields
 10526 | D:8      | Reached skill level 1 in Invocations
 10609 | D:8      | Reached XP level 10. HP: 24/70 MP: 9/13
 10884 | D:8      | Noticed a two-headed ogre
 11029 | D:8      | Noticed a two-headed ogre
 11055 | D:8      | Found a staircase to the Lair.
 11056 | D:8      | Noticed an elephant
 11086 | D:8      | Reached *** piety under Makhleb
 11104 | D:8      | Killed an elephant
 11346 | D:7      | Reached skill level 5 in Invocations
 12111 | D:8      | Found a shimmering altar of Xom.
 12266 | D:9      | Noticed a two-headed ogre
 12430 | D:9      | Noticed a cyclops
 12580 | D:9      | Found a staircase to the Orcish Mines.
 12749 | D:9      | Noticed a cyclops
 12778 | D:9      | Noticed a two-headed ogre
 12876 | D:9      | Reached skill level 5 in Fighting
 13415 | D:10     | Entered Level 10 of the Dungeon
 13600 | D:10     | Found a portal to a secret trove of treasure.
 13660 | D:10     | Killed an unseen horror
 14522 | D:10     | Reached XP level 11. HP: 68/81 MP: 4/15
 15043 | D:9      | Killed a two-headed ogre
 15192 | D:8      | Killed a two-headed ogre
 15229 | D:8      | Killed a two-headed ogre
 15332 | Lair:1   | Entered Level 1 of the Lair of Beasts
 15495 | Lair:1   | Reached skill level 10 in Ice Magic
 15631 | Lair:1   | Reached skill level 1 in Charms
 15817 | Lair:1   | Noticed an eight-headed hydra
 16724 | Lair:2   | Found a staircase to the Swamp.
 16726 | Lair:2   | Noticed a swamp dragon
 18150 | Lair:3   | Learned a level 3 spell: Conjure Flame
 18262 | Lair:3   | Reached XP level 12. HP: 96/96 MP: 13/16
 18579 | Lair:3   | Found a hole to the Spider Nest.
 18598 | Lair:3   | Reached skill level 10 in Fighting
 18769 | Lair:3   | Reached skill level 1 in Conjurations
 18774 | Lair:3   | Noticed Urug
 19739 | Lair:4   | Noticed a death yak
 20541 | D:9      | Found a bloodstained altar of Trog.
 20697 | D:8      | Killed a two-headed ogre
 20909 | D:5      | Killed Blork the orc
 21074 | Orc:1    | Entered Level 1 of the Orcish Mines
 21390 | Orc:1    | Found a frozen archway.
 21578 | Orc:1    | Reached skill level 10 in Dodging
 21655 | Orc:2    | Entered Level 2 of the Orcish Mines
 21740 | Orc:2    | Noticed Anon1729's ghost (journeyman DsAE)
 22273 | Orc:2    | Noticed a two-headed ogre
 22312 | Orc:2    | Killed a two-headed ogre
 22445 | Orc:2    | Found a staircase to the Elven Halls.
 23022 | Orc:1    | Found Allingaps's Armour Boutique.
 23034 | Orc:1    | Bought a +0 helmet for 63 gold pieces
 23190 | Lair:1   | Killed an eight-headed hydra
 23302 | Lair:2   | HP: 4/97 [poisoned by a swamp dragon (poison gas)]
 23303 | Lair:2   | Succumbed to a swamp dragon's poison gas

Vault maps used:
D:1:      scummos_arrival_checkerplants, minmay_close_crescents
D:2:      moated_statue, nemelex_dance_club_becter, uniq_jessica
D:3:      lemuel_round_altar, old_standard_altar, first_ration
D:4:      lemuel_doored_altar, gammafunk_temple_overflow_forgotten,
          minmay_liquid_box
D:5:      marbit_many_paths, minmay_temple_entry_grid, serial_shops,
          nicolae_shop_waterfront, item_on_display_a, uniq_blork_the_orc
D:6:      nicolae_gozag_cash_rules_everything_around_me
D:7:      basic_altar, st_stairs_4, kennysheep_generic_room_16
D:8:      nicolae_overflow_crystal_walls, david_lair_generic
D:9:      orc_0_dummy, grunt_ogre_cave, minmay_ruined_shrine
D:10:     enter_trove_1
Lair:2:   minmay_swamp_entry_reptiles
Lair:3:   spider_nest_entry_rubble, minmay_hedge_maze, beast_lair_carwin_11,
          uniq_urug
Lair:4:   lemuel_fruit_fields, minmay_lair_oklob_chamber
Orc:1:    serial_shops, shop_fountains, portal_ice_cave_entry_imps
Orc:2:    pf_orc_diabolical

Skill      XL: |  1  2  3  4  5  6  7  8  9 10 11 12 |
---------------+-------------------------------------+-----
Ice Magic      | 4 5 6 7 10 | 10.1
Fighting       | 1 3 6 9 10 | 10.0
Dodging        | 4 5 8 11 | 11.8
Polearms       | 6 11 14 | 14.1
Shields        | 4 |  4.0
Invocations    | 2 6 |  6.0
Charms         | 4 |  4.0
Conjurations   | 4 |  4.2
Stealth        | |  2.1
Spellcasting   | |  2.0

Action                   |  1- 3 |  4- 6 |  7- 9 | 10-12 || total
-------------------------+-------+-------+-------+-------++-------
Melee: Mace              |    79 |    83 |    36 |       ||   198
       Dagger            |       |       |    34 |       ||    34
       Spear             |       |       |    72 |       ||    72
       Trident           |       |       |   245 |   844 ||  1089
Throw: Stone             |     7 |       |     2 |       ||     9
       Tomahawk          |       |     4 |    22 |    22 ||    48
 Cast: Freeze            |    21 |    67 |   135 |   312 ||   535
       Ozocubu's Armour  |     1 |     6 |    29 |    83 ||   119
       Throw Frost       |       |     5 |     4 |    15 ||    24
       Conjure Flame     |       |       |       |     1 ||     1
Invok: Lesser Servant of |       |       |       |    22 ||    22
       Minor Destruction |       |       |       |    61 ||    61
Evoke: Wand              |       |       |     2 |       ||     2
  Use: Scroll            |       |       |     7 |    15 ||    22
       Potion            |       |       |     5 |     7 ||    12
 Stab: Sleeping          |     2 |     2 |     4 |     4 ||    12
       Distracted        |       |       |     1 |     1 ||     2
  Eat: Chunk             |     3 |    10 |    18 |    34 ||    65
       Ration            |       |     1 |     2 |     7 ||    10
Armor: Robe              |    18 |    28 |    93 |   164 ||   303
Dodge: Dodged            |    79 |    84 |   287 |   518 ||   968
Block: Buckler           |       |       |       |   161 ||   161

Table legend:
 A = Spawn XP
 B = Non-spawn XP
 C = Spawn XP percentage of total XP
 D = Spawn monster count
 E = Non-spawn monster count
 F = Spawn count percentage of total count
 G = Total turns spent on level
                    A         B        C        D         E        F      G
               +---------+---------+-------+---------+---------+-------+---------
         Total |       0 |   29160 |   0.0 |       0 |     352 |   0.0 | 23303
               +---------+---------+-------+---------+---------+-------+---------
           D:1 |       0 |      80 |   0.0 |       0 |      36 |   0.0 |  1439
           D:2 |       0 |      97 |   0.0 |       0 |      18 |   0.0 |  1299
           D:3 |       0 |      80 |   0.0 |       0 |      24 |   0.0 |  1038
           D:4 |       0 |     482 |   0.0 |       0 |      18 |   0.0 |  1754
           D:5 |       0 |    1002 |   0.0 |       0 |      25 |   0.0 |  2278
           D:6 |       0 |     963 |   0.0 |       0 |      26 |   0.0 |   824
           D:7 |       0 |    1846 |   0.0 |       0 |      31 |   0.0 |  1892
           D:8 |       0 |    3943 |   0.0 |       0 |      30 |   0.0 |  2675
           D:9 |       0 |    2412 |   0.0 |       0 |      24 |   0.0 |  1753
          D:10 |       0 |    2978 |   0.0 |       0 |      18 |   0.0 |  1285
        Lair:1 |       0 |    3693 |   0.0 |       0 |      14 |   0.0 |  1123
        Lair:2 |       0 |    2706 |   0.0 |       0 |      13 |   0.0 |  1664
        Lair:3 |       0 |    3143 |   0.0 |       0 |      17 |   0.0 |  1435
        Lair:4 |       0 |    3069 |   0.0 |       0 |      13 |   0.0 |   980
         Orc:1 |       0 |    1177 |   0.0 |       0 |      26 |   0.0 |  1078
         Orc:2 |       0 |    1489 |   0.0 |       0 |      19 |   0.0 |   786
               +---------+---------+-------+---------+---------+-------+---------
